 Dungeon Crawl Stone Soup version 0.31-a0-1172-g9944ec47dd (webtiles) character file.

Game seed: 3488037122135321183

9 bmb222 the Sneak (level 2, 0/24 HPs)
             Began as a Demonspawn Delver on Dec 10, 2023.
             Succumbed to a water moccasin's poison
             ... on level 5 of the Dungeon.
             The game lasted 00:00:46 (176 turns).

bmb222 the Sneak (Demonspawn Delver)                 Turns: 176, Time: 00:00:46

Health: 0/24       AC:  3    Str: 12    XL:     2   Next: 3%
Magic:  2/2        EV: 13    Int: 10    God:
Gold:   0          SH:  0    Dex: 14    Spells: 1/1 levels left

rFire   . . .        a - +0 mace
rCold   . . .        (no shield)
rNeg    . . .        b - +0 leather armour
rPois   .            (no helmet)
rElec   .            (no cloak)
rCorr   .            (no gloves)
SInv    .            (no boots)
Will    .....        (no amulet)
Stlth   +++          (no ring)
HPRegen 0.24/turn    (no ring)
MPRegen 0.08/turn

%: no passive effects
@: lethally poisoned (0 -> -6), hasted, very quick
A: repulsion field 1
a: no special abilities


You were on level 5 of the Dungeon.
You visited 1 branch of the dungeon, and saw 1 of its levels.

Inventory:

Hand Weapons
 a - a +0 mace (weapon)
Missiles
 h - 3 atropa-tipped darts (quivered)
Armour
 b - a +0 leather armour (worn)
 i - a +0 chain mail
Wands
 g - a wand of digging (3)
Scrolls
 c - a scroll of fog


   Skills:
 + Level 3.1 Fighting
 + Level 1.8 Maces & Flails
 + Level 1.8 Dodging
 + Level 4.8 Stealth


You had one spell level left.
You didn't know any spells.
Your spell library was empty.

Dungeon Overview and Level Annotations

Branches:
Dungeon (5/15)
 Temple: D:4-7

Altars:


Innate Abilities, Weirdness & Mutations

You are surrounded by a mild repulsion field. (EV +2)


Message History

The lemure hits you.
* * * LOW HITPOINT WARNING * * *
Okay, then.
An adder comes into view.
Found a scroll labelled AREUFR PIEJEU.
A jelly comes into view.
The jelly quivers.
As you read the scroll of fear, it crumbles to dust.
You assume a fearsome visage.
The lemure looks frightened!
The adder looks frightened!
The jelly looks frightened!
Found a scroll labelled CUEKHL NE PATHA.
Found a stone staircase leading down.
A water moccasin comes into view.
The water moccasin hisses angrily.
Found 10 gold pieces.
Your extra speed is starting to run out.
You see here 10 gold pieces.
As you read the scroll of revelation, it crumbles to dust.
You feel aware of your surroundings.
You feel yourself slow down.
The water moccasin attacks as it pursues you!
The water moccasin closely misses you.
The water moccasin attacks as it pursues you!
The water moccasin misses you. The water moccasin closely misses you.
The water moccasin attacks as it pursues you!
The water moccasin completely misses you.
The water moccasin bites you.
The water moccasin attacks as it pursues you!
The water moccasin bites you!
You are lethally poisoned!
The water moccasin poisons you!
You feel yourself speed up.
* * * LOW HITPOINT WARNING * * *
You feel very sick. The water moccasin misses you.
* * * LOW HITPOINT WARNING * * *
You feel sick.
* * * LOW HITPOINT WARNING * * *
You feel sick.
You die...

########### ###########
########### #####**** ###########
#...,,<,*
################.#****,*
###...........S.@#****>*******
###.#############.....#,,,,,,****
###.####### *.####.#****,,,,,
###S####### *.# *,* *****,
###.####### *.# **,* *,
###.####### *.# *,,* *,
###.#######******.# *,*** ***,
###.#######*,,,,,.###...# *,,,
###.########.***,,......#####*,**


You could see a water moccasin.

Vanquished Creatures
  An adder (D:5)
1 creature vanquished.

Notes
Turn   | Place    | Note
-------+----------+-------------------------------------------
     0 | D:5      | bmb222 the Demonspawn Delver began the quest for the Orb.
     0 | D:5      | Reached XP level 1. HP: 18/18 MP: 1/1
    32 | D:5      | Noticed a hound
    72 | D:5      | Gained mutation: You are surrounded by a mild repulsion
                  | field. (EV +2) [demonic ancestry]
    72 | D:5      | Reached XP level 2. HP: 19/24 MP: 2/2
    93 | D:5      | Noticed a lemure
    93 | D:5      | Noticed a lemure
    93 | D:5      | Noticed a lemure
   136 | D:5      | Noticed a water moccasin
   175 | D:5      | HP: 1/24 [poisoned by a water moccasin]
   176 | D:5      | Succumbed to a water moccasin's poison

Illustrated notes

Levels and vault maps discovered:
D:5:      layout_loops_ring, uniq_duvessa, uniq_pikel

Action                     || total
---------------------------++-------
  Melee: Mace              ||    10
    Use: Scroll            ||     2
         Potion            ||     2
 Armour: Leather armour    ||    11
  Dodge: Dodged            ||    10

Table legend: (Time is in decaauts)
 A = Elapsed time spent in this place.
 B = Non-inter-level travel time spent in this place.
 C = Inter-level travel time spent in this place.
 D = Time resting spent in this place.
 E = Time spent auto-exploring this place.
 F = Levels seen in this place.
 G = Mean time per level.
                   A        B        C        D        E       F      G
               +--------+--------+--------+--------+--------+-----+--------+
         Total |    160 |    160 |      0 |     16 |     33 |   1 |  160.0 |
       Dungeon |    160 |    160 |      0 |     16 |     33 |   1 |  160.0 |
               +--------+--------+--------+--------+--------+-----+--------+

Top non-repeatable levels by time:
     D:5: 160 daAuts
